[Event "November 21 Late 2023"]
[Site "https://www.chess.com"]
[Date "2023.11.21"]
[Round "11"]
[White "Le, Quang Liem"]
[Black "Bortnyk, Olexandr"]
[Result "1-0"]
[Board "2"]
[TimeControl "180+1"]
[WhiteFideId "12401137"]
[BlackFideId "14120828"]
[WhiteElo "2665"]
[BlackElo "2725"]
[WhiteTeam "VIE"]
[BlackTeam "UKR"]
[WhiteClock "0:00:04"]
[BlackClock "0:00:00"]

1. Nf3 Nf6 2. c4 d6 3. d4 g6 4. Nc3 Bf5 5. Qb3 Qc8 6. h3 h5 7. Ng5 Nc6 8. e4 Bd7 9. Be3 Bg7 10. d5 Na5 11. Qa3 b6 12. Be2 c5 13. dxc6 Nxc6 14. Nd5 O-O 15. O-O Re8 16. Rfd1 Qb7 17. Rac1 Nh7 18. Nf3 Nf6 19. Bd3 Rad8 20. b4 e6 21. Nc3 Qb8 22. Bc2 Rc8 23. Ba4 Bf8 24. Qb2 Bg7 25. Qb1 Red8 26. a3 Be8 27. Bf4 Ne5 28. Nxe5 dxe5 29. Rxd8 Rxd8 30. Be3 Bxa4 31. Nxa4 Qb7 32. c5 Qxe4 33. Qxe4 Nxe4 34. cxb6 axb6 35. Nxb6 f5 36. Rc8 Rxc8 37. Nxc8 f4 38. Bc1 Nc3 39. Kf1 g5 40. Nb6 e4 41. a4 Bd4 42. a5 Kf7 43. Bb2 Nb5 44. Bxd4 Nxd4 45. a6 Nb5 46. Nc8 Kf6 47. Nd6 Nc7 48. a7 Ke5 49. b5 Na8 50. Nc8 Kd5 51. Ke2 g4 52. h4 Kc5 53. b6 Kc6 54. g3 e3 55. gxf4 exf2 56. Kxf2 Kb7 57. Nd6+ Kxb6 58. Ne4 Kxa7 59. Nf6 Kb6 60. Nxh5 Kc5 61. Kg3 Kd6 62. Kxg4 Ke7 63. Kg5 Kf7 64. Nf6 Nb6 65. h5 Nc4 66. Ng4 Ne3 67. Nxe3 1-0

[Event "November 21 Late 2023"]
[Site "https://www.chess.com"]
[Date "2023.11.21"]
[Round "11"]
[White "Ibarra Jerez, Jose Carlos"]
[Black "Theodorou, Nikolas"]
[Result "1-0"]
[Board "3"]
[TimeControl "180+1"]
[WhiteFideId "2226332"]
[BlackFideId "4262875"]
[WhiteElo "2634"]
[BlackElo "2525"]
[WhiteTeam "ESP"]
[BlackTeam "GRE"]
[WhiteClock "0:00:04"]
[BlackClock "0:00:00"]

1. e4 e5 2. Nf3 Nc6 3. Nc3 Nf6 4. h3 Bb4 5. Nd5 Bc5 6. c3 Be7 7. d3 O-O 8. Be2 d6 9. Nxe7+ Nxe7 10. O-O Ng6 11. Re1 Re8 12. Bf1 h6 13. c4 c6 14. d4 exd4 15. Qxd4 c5 16. Qd3 b6 17. e5 dxe5 18. Qxd8 Rxd8 19. Nxe5 Ne7 20. Bf4 Be6 21. Rad1 Nf5 22. Nc6 Rdc8 23. g4 Nh4 24. Ne7+ Kh8 25. Nxc8 Nf3+ 26. Kh1 Nxe1 27. Nd6 Nc2 28. Bg2 Rf8 29. a3 Nd4 30. b4 Nc2 31. bxc5 bxc5 32. a4 Nd7 33. Nb5 Nb6 34. a5 Nxc4 35. a6 Nb4 36. Nc7 Bc8 37. Bf1 Nb6 38. Bb5 c4 39. Rb1 Nd3 40. Be3 Nd7 41. Bxa7 N7e5 42. Bd4 Nf3 43. Be3 Nfe5 44. f4 Nf3 45. Bxc4 1-0

[Event "November 21 Late 2023"]
[Site "https://www.chess.com"]
[Date "2023.11.21"]
[Round "11"]
[White "Deac, Bogdan-Daniel"]
[Black "Kovalev, Vladislav"]
[Result "0-1"]
[Board "4"]
[TimeControl "180+1"]
[WhiteFideId "1226380"]
[BlackFideId "13504398"]
[WhiteElo "2641"]
[BlackElo "2539"]
[WhiteTeam "ROU"]
[BlackTeam "FID"]
[WhiteClock "0:00:00"]
[BlackClock "0:00:14"]

1. d4 Nf6 2. Nf3 e6 3. c4 b6 4. a3 Bb7 5. Nc3 Be7 6. d5 d6 7. e4 O-O 8. Bd3 Nbd7 9. Rb1 a5 10. b4 axb4 11. axb4 exd5 12. cxd5 Ne5 13. Nxe5 dxe5 14. b5 Ne8 15. O-O Bc5 16. Na4 Bd4 17. Bb2 Bxb2 18. Nxb2 Nd6 19. Nc4 Nxc4 20. Bxc4 Qd6 21. Qc2 Bc8 22. Bd3 Bd7 23. Rfc1 Ra7 24. f3 g6 25. Qc3 Rb8 26. Bf1 Rbb7 27. Rb4 Ra5 28. h4 h5 29. Rc4 Bxb5 30. Rb4 Bd7 31. Rc4 Bb5 32. Rb4 Bxf1 33. Kxf1 Rc5 34. Rc4 Qf6 35. Rxc5 bxc5 36. g3 c4 37. Kg2 Rb3 0-1

[Event "November 21 Late 2023"]
[Site "https://www.chess.com"]
[Date "2023.11.21"]
[Round "11"]
[White "Szpar, Milosz"]
[Black "Kamsky, Gata"]
[Result "0-1"]
[Board "5"]
[TimeControl "180+1"]
[WhiteFideId "1184989"]
[BlackFideId "2000024"]
[WhiteElo "2446"]
[BlackElo "2660"]
[WhiteTeam "POL"]
[BlackTeam "USA"]
[WhiteClock "0:00:00"]
[BlackClock "0:00:10"]

1. Nf3 Nf6 2. c4 c6 3. Nc3 d5 4. e3 g6 5. d4 a6 6. Be2 Bg7 7. O-O Bg4 8. cxd5 cxd5 9. Qb3 Ra7 10. Bd2 O-O 11. Rfc1 e6 12. Na4 Nc6 13. Be1 Ne4 14. h3 Bxf3 15. Bxf3 Nd6 16. Be2 Qe7 17. Nc5 Rc8 18. Qb6 Raa8 19. Bf1 Rab8 20. Rc2 Bf6 21. Rac1 Qe8 22. Qb3 Bd8 23. Qa4 b5 24. Qb3 a5 25. a4 Nb4 26. axb5 Nxc2 27. Rxc2 Nxb5 28. Na6 Rxc2 29. Nxb8 Rc8 30. Na6 Nd6 31. Nc5 Qc6 32. Qa3 Ra8 33. Qd3 Ne4 34. Nb3 Be7 35. Nxa5 Qc1 36. Qe2 Rb8 37. b3 Bb4 38. Bxb4 Rxb4 39. Qa6 Nd2 40. Nc6 Nxf1 41. Qxf1 Qxc6 42. Qe1 Rxb3 43. Kh2 Qc2 0-1

[Event "November 21 Late 2023"]
[Site "https://www.chess.com"]
[Date "2023.11.21"]
[Round "11"]
[White "Khismatullin, Denis"]
[Black "Nakamura, Hikaru"]
[Result "0-1"]
[Board "6"]
[TimeControl "180+1"]
[WhiteFideId "4142578"]
[BlackFideId "2016192"]
[WhiteElo "2552"]
[BlackElo "2874"]
[WhiteTeam "RUS"]
[BlackTeam "USA"]
[WhiteClock "0:00:00"]
[BlackClock "0:00:17"]

1. e4 a6 2. d4 c6 3. Bd3 d5 4. e5 c5 5. c3 Nc6 6. Ne2 e6 7. Nd2 Bd7 8. a3 Nge7 9. O-O c4 10. Bc2 Na5 11. Ng3 g6 12. h4 Nc8 13. Nf3 Nb6 14. Bg5 Be7 15. Qd2 Ba4 16. Bxa4+ Nxa4 17. Rab1 b5 18. Qf4 Nc6 19. Bf6 Bxf6 20. exf6 h6 21. Rfe1 Kd7 22. Nf1 Qb8 23. Ne5+ Nxe5 24. Rxe5 Kc6 25. Ne3 h5 26. Qf3 Qd6 27. Nc2 Rac8 28. Nb4+ Kb7 29. b3 cxb3 30. Rxb3 Rhd8 31. g3 Rc4 32. Nd3 Rdc8 33. Re3 Rxc3 34. Rxc3 Rxc3 35. Nc5+ Rxc5 36. dxc5 Nxc5 37. Rc3 Kb6 38. Rc1 d4 39. Qa8 d3 40. Qe8 Qc7 41. Qe7 d2 42. Rd1 Nb3 43. Qxc7+ Kxc7 44. Kf1 Kc6 45. Ke2 Kc5 46. Kd3 a5 47. Kc3 a4 48. f3 e5 49. g4 Kd5 50. g5 e4 51. f4 Ke6 52. Rf1 Kf5 53. Kc2 b4 54. axb4 e3 55. Kd3 a3 56. Kxe3 a2 57. b5 Nc1 58. Kxd2 a1=Q 59. Rxc1 Qb2+ 60. Ke3 Qxc1+ 0-1

[Event "November 21 Late 2023"]
[Site "https://www.chess.com"]
[Date "2023.11.21"]
[Round "11"]
[White "Chigaev, Maksim"]
[Black "Grischuk, Alexander"]
[Result "0-1"]
[Board "7"]
[TimeControl "180+1"]
[WhiteFideId "4108116"]
[BlackFideId "4126025"]
[WhiteElo "2561"]
[BlackElo "2699"]
[WhiteTeam "ESP"]
[BlackTeam "RUS"]
[WhiteClock "0:00:00"]
[BlackClock "0:00:03"]

1. d4 e6 2. Nf3 c5 3. e4 cxd4 4. Nxd4 Nf6 5. Bd3 Nc6 6. Nxc6 dxc6 7. O-O e5 8. a4 Bg4 9. Qe1 a5 10. Nd2 Qc7 11. Nc4 Bc5 12. Be3 Bxe3 13. Qxe3 O-O 14. f4 Nd7 15. f5 f6 16. h3 Bh5 17. Kh2 Bf7 18. g4 b5 19. Nd2 bxa4 20. Rxa4 Nb6 21. Raa1 c5 22. Rg1 c4 23. Be2 c3 24. bxc3 Nd7 25. g5 Kh8 26. g6 Be8 27. gxh7 Nc5 28. Bc4 Bf7 29. Rg4 Bxc4 30. Nxc4 a4 31. Rag1 Rf7 32. Na3 Nb7 33. Nb5 Qc5 34. Qxc5 Nxc5 35. Ra1 Rd8 36. Rg2 Rfd7 37. c4 Nxe4 38. Rxa4 Kxh7 39. Ra3 Rd2 40. Re3 Rxg2+ 41. Kxg2 Rd2+ 42. Kg1 Nc5 43. Rc3 g6 44. fxg6+ Kxg6 45. Nc7 f5 46. Nd5 f4 47. h4 Kh5 48. Nb4 e4 49. Nd5 f3 50. Nf6+ Kxh4 51. Nxe4 Nxe4 52. Rxf3 Kg4 53. Re3 Kf4 54. Rd3 Rxc2 55. Kf1 Nd2+ 56. Ke1 Nxc4 57. Kd1 Rg2 58. Rd4+ Ke3 59. Rxc4 Kd3 0-1

[Event "November 21 Late 2023"]
[Site "https://www.chess.com"]
[Date "2023.11.21"]
[Round "11"]
[White "Rustemov, Alexander"]
[Black "Bortnyk, Mykola"]
[Result "1/2-1/2"]
[Board "8"]
[TimeControl "180+1"]
[WhiteFideId "4119002"]
[BlackFideId "14120836"]
[WhiteElo "2878"]
[BlackElo "2592"]
[WhiteTeam "RUS"]
[BlackTeam "UKR"]
[WhiteClock "0:00:15"]
[BlackClock "0:00:19"]

1. d4 d5 2. c4 e6 3. Nc3 Nf6 4. cxd5 exd5 5. Bg5 Be7 6. e3 O-O 7. Bd3 Re8 8. Nf3 h6 9. Bh4 c5 10. dxc5 Nbd7 11. O-O Nxc5 12. Bb5 Bd7 13. Bxd7 Ncxd7 14. Nxd5 Nxd5 15. Qxd5 Bxh4 16. Nxh4 Nb6 17. Qxd8 Raxd8 18. Nf3 Nc4 19. Rfc1 Nxb2 20. Rcb1 Nc4 21. Rxb7 a5 22. Rc1 Nd2 23. Nd4 Rc8 24. Rcc7 Rxc7 25. Rxc7 Rb8 26. g4 Rb2 27. Rc2 Rb1+ 28. Kg2 Ne4 29. h4 g6 30. h5 gxh5 31. gxh5 a4 32. Nf5 a3 33. Rc4 Nf6 34. Ra4 Rb5 35. Ng3 Rg5 36. Kf3 Nxh5 37. Nxh5 Rxh5 38. Rxa3 Kg7 39. Ra8 Rg5 40. a4 h5 41. Rb8 Rg4 42. e4 Rg1 43. Rb5 Kg6 44. Rb6+ Kg7 45. Kf4 Rg2 46. f3 h4 47. Rb1 Kg6 48. Ra1 h3 49. a5 h2 50. Rh1 f5 51. a6 fxe4 52. fxe4 Ra2 53. a7 Rxa7 54. Rxh2 Ra5 55. Rb2 Kf6 56. Rb6+ Ke7 57. Rb7+ Ke6 58. Rb6+ Ke7 59. Rh6 Rb5 60. Rh7+ Ke6 61. Ra7 Kf6 62. Ra6+ Ke7 63. Ke3 Rc5 64. Kd4 Rh5 65. Ra7+ Ke6 66. Ra6+ Ke7 67. Rc6 Kd7 68. Rg6 Ke7 69. Ke3 Ra5 70. Rb6 Kd7 71. Kf4 Ke7 1/2-1/2

[Event "November 21 Late 2023"]
[Site "https://www.chess.com"]
[Date "2023.11.21"]
[Round "11"]
[White "Ghasi, Ameet K"]
[Black "Matlakov, Maxim"]
[Result "1/2-1/2"]
[Board "9"]
[TimeControl "180+1"]
[WhiteFideId "409200"]
[BlackFideId "4168003"]
[WhiteElo "2558"]
[BlackElo "2638"]
[WhiteTeam "ENG"]
[BlackTeam "RUS"]
[WhiteClock "0:00:04"]
[BlackClock "0:00:03"]

1. b3 e5 2. Bb2 Nc6 3. c4 g6 4. e3 Bg7 5. Nf3 d6 6. a3 a5 7. Nc3 f5 8. d4 e4 9. Ng1 Nf6 10. h4 O-O 11. Nh3 Ne7 12. Be2 c6 13. h5 d5 14. hxg6 Nxg6 15. g3 Be6 16. Ng5 Bd7 17. a4 h6 18. Nh3 Be6 19. Ba3 Re8 20. Rc1 Rc8 21. Bh5 Nxh5 22. Qxh5 Qf6 23. Nf4 Nxf4 24. gxf4 dxc4 25. bxc4 Bxc4 26. Nxe4 Rxe4 27. Rxc4 Qe6 28. Rc5 Bxd4 29. Rxf5 Rxe3+ 30. fxe3 Qxe3+ 31. Qe2 Re8 32. Qxe3 Rxe3+ 33. Kd2 Rxa3 34. Rxh6 Rxa4 35. Rg6+ Kh7 36. Rg4 Kh6 37. Kd3 c5 38. Rfg5 Ra3+ 39. Ke4 Rh3 40. Rg6+ Kh7 41. Rb6 a4 42. Rxb7+ Kh6 43. Rb6+ Kh7 44. Rg5 a3 45. Rb7+ Kh8 46. Rb8+ Kh7 47. Ra8 Re3+ 48. Kf5 c4 49. Ra7+ Kh8 50. Ra8+ Kh7 51. Rh5+ Kg7 52. Rg5+ Kh7 1/2-1/2

[Event "November 21 Late 2023"]
[Site "https://www.chess.com"]
[Date "2023.11.21"]
[Round "11"]
[White "Andreikin, Dmitry"]
[Black "Taher, Yoseph Theolifus"]
[Result "1/2-1/2"]
[Board "10"]
[TimeControl "180+1"]
[WhiteFideId "4158814"]
[BlackFideId "7105347"]
[WhiteElo "2741"]
[BlackElo "2352"]
[WhiteTeam "FID"]
[BlackTeam "INA"]
[WhiteClock "0:00:05"]
[BlackClock "0:00:08"]

1. e4 c5 2. b4 cxb4 3. a3 g6 4. Bb2 Nf6 5. e5 Nd5 6. Bc4 Nb6 7. e6 f6 8. Bb3 bxa3 9. Nxa3 dxe6 10. Nf3 Nc6 11. h4 Bg7 12. h5 Nd5 13. h6 Bf8 14. Qe2 e5 15. Nb5 Nf4 16. Qf1 a6 17. g3 Ne6 18. Rh4 Bd7 19. Nc3 Ned4 20. Nxd4 Nxd4 21. Rxd4 exd4 22. Qc4 e6 23. Ne4 Be7 24. Qxd4 O-O 25. O-O-O Kh8 26. f4 Bc6 27. Qe3 Bd5 28. g4 Bxb3 29. Qxb3 Qd5 30. Qe3 Kg8 31. g5 f5 32. Nf2 Rac8 33. Nd3 Bd6 34. Re1 Kf7 35. Kd1 Rc4 36. Be5 Re4 37. Qb6 Be7 38. Bg7 Rxe1+ 39. Kxe1 Rc8 40. Ne5+ Ke8 41. c4 Rxc4 42. Nxc4 Qxc4 43. Be5 Qe4+ 44. Kd1 Qh1+ 45. Ke2 Qc6 46. Qa7 Qc4+ 47. Kd1 Qc8 48. Qb6 Qc6 49. Qa7 Qc8 50. Qd4 a5 51. Bd6 Bxd6 52. Qh8+ Bf8 53. Qxh7 Qc6 54. Qxg6+ Kd7 55. Qf7+ Be7 56. h7 Qf3+ 57. Kc2 Qe4+ 58. Kd1 Qf3+ 59. Kc2 Qe4+ 60. Kd1 Qf3+ 1/2-1/2

[Event "November 21 Late 2023"]
[Site "https://www.chess.com"]
[Date "2023.11.21"]
[Round "11"]
[White "Demchenko, Anton"]
[Black "Vasquez Schroeder, Rodrigo"]
[Result "0-1"]
[Board "11"]
[TimeControl "180+1"]
[WhiteFideId "4160258"]
[BlackFideId "3400042"]
[WhiteElo "2545"]
[BlackElo "2582"]
[WhiteTeam "SLO"]
[BlackTeam "CHI"]
[WhiteClock "0:00:05"]
[BlackClock "0:01:04"]

1. e4 c6 2. d4 d5 3. e5 Bf5 4. Bd3 Bxd3 5. Qxd3 e6 6. c3 Qb6 7. Ne2 c5 8. O-O Nc6 9. a3 cxd4 10. cxd4 Nge7 11. Nbc3 Nf5 12. Nxd5 Qd8 13. Ne3 Nfxd4 14. Rd1 Nxe2+ 15. Qxe2 Qc7 16. Nc4 Be7 17. Nd6+ Bxd6 18. exd6 Qd7 19. b4 O-O 20. Bb2 f6 21. Rac1 Rac8 22. b5 Na5 23. Rc7 Rxc7 24. dxc7 Qxc7 25. Qxe6+ Qf7 26. Qxf7+ Rxf7 27. Bc3 Nc4 28. h4 Rc7 29. Bb4 Kf7 30. h5 Ke6 31. f3 Rd7 32. Re1+ Kf7 33. f4 Nb6 34. g3 Nd5 35. Bc5 b6 36. Bf2 Nc3 37. Re3 Nxb5 38. Kg2 Nd6 39. Rd3 Ke6 40. Re3+ Kd5 41. Rd3+ Ke6 42. Re3+ Kf7 43. Rd3 Rd8 44. Rc3 Rc8 45. Rd3 Ke6 46. g4 f5 47. Kf3 g6 48. hxg6 hxg6 49. Bd4 Ne4 50. Be5 Rc6 51. gxf5+ gxf5 52. Rd8 a5 53. Re8+ Kd5 54. Rf8 Nd2+ 55. Kg3 Ke4 56. Re8 Rg6+ 57. Kf2 Kd3 58. Rf8 Ne4+ 59. Kf1 Ke3 60. Rb8 Nd2+ 61. Ke1 Rg1# 0-1

[Event "November 21 Late 2023"]
[Site "https://www.chess.com"]
[Date "2023.11.21"]
[Round "11"]
[White "Khamrakulov, Djurabek"]
[Black "Galchenko, Matvey"]
[Result "0-1"]
[Board "12"]
[TimeControl "180+1"]
[WhiteFideId "14201143"]
[BlackFideId "24175480"]
[WhiteElo "2535"]
[BlackElo "2406"]
[WhiteTeam "UZB"]
[BlackTeam "FID"]
[WhiteClock "0:00:13"]
[BlackClock "0:00:08"]

1. e4 e6 2. d4 d5 3. Nd2 a6 4. Bd3 c5 5. exd5 exd5 6. dxc5 Bxc5 7. Ngf3 Nf6 8. Qe2+ Be6 9. Ng5 Qe7 10. Nb3 Bb6 11. Be3 Bg4 12. Nf3 Bxf3 13. gxf3 Bxe3 14. Qxe3 Nc6 15. O-O-O O-O-O 16. Rhe1 Qc7 17. Qg5 Rhg8 18. Bxh7 Nxh7 19. Qf5+ Kb8 20. Qxh7 Qf4+ 21. Nd2 g6 22. Qh3 Qa4 23. Re3 Nb4 24. Rb3 Rc8 25. c3 d4 26. Qg4 dxc3 27. Qxb4 cxd2+ 28. Kxd2 Qd7+ 29. Ke1 Rge8+ 30. Re3 Qh3 31. Qd6+ Ka8 32. Qd7 Rxe3+ 33. fxe3 Qh4+ 34. Kf1 Rh8 35. Rd2 Qh5 36. Qxf7 Qg5 37. Qf4 Qb5+ 38. Kg2 Qa5 39. Qd4 Qh5 40. Kg1 Rf8 41. Qg4 Qc5 42. Kf2 Re8 43. Qd4 Qh5 44. Qf4 Qa5 45. e4 Qb6+ 46. Qe3 Qc7 47. Ke1 Rh8 48. f4 Qc1+ 49. Ke2 Rxh2+ 50. Kd3 Rh8 51. e5 Qc6 52. Ke2 Rh2+ 53. Kd3 Qd5+ 54. Kc3 Qc6+ 55. Kd3 Rh8 56. Ke2 Qc4+ 57. Kf3 Rh3+ 58. Kf2 Rxe3 59. Kxe3 Qc5+ 60. Rd4 Qc1+ 61. Rd2 Qe1+ 62. Re2 Qg3+ 63. Ke4 Qg4 64. Re3 Qf5+ 65. Kd5 Kb8 66. Re4 Kc7 67. Kd4 Kd7 68. e6+ Ke7 69. Ke3 Qh3+ 70. Kd4 Qg2 71. Re3 Qxb2+ 0-1

[Event "November 21 Late 2023"]
[Site "https://www.chess.com"]
[Date "2023.11.21"]
[Round "11"]
[White "Xu, Yi"]
[Black "Zhigalko, Sergei"]
[Result "1-0"]
[Board "13"]
[TimeControl "180+1"]
[WhiteFideId "8605564"]
[BlackFideId "13502956"]
[WhiteElo "2460"]
[BlackElo "2616"]
[WhiteTeam "CHN"]
[BlackTeam "BLR"]
[WhiteClock "0:00:06"]
[BlackClock "0:00:00"]

1. e4 c5 2. Nf3 Nc6 3. Bb5 Nf6 4. Bxc6 dxc6 5. d3 Bg4 6. Nbd2 Qc7 7. h3 Bh5 8. g4 Bg6 9. Nh4 e5 10. Nc4 b5 11. Ne3 Rd8 12. Qf3 c4 13. Nef5 cxd3 14. cxd3 Nd7 15. Be3 f6 16. O-O Nc5 17. d4 exd4 18. Bxd4 Ne6 19. Be3 Bd6 20. Rad1 Be5 21. Rxd8+ Nxd8 22. Bc5 Ne6 23. Qa3 Bxf5 24. Nxf5 Nxc5 25. Qxc5 g6 26. Ne3 Bd6 27. Qc3 Be5 28. Qc5 Bd6 29. Qc3 O-O 30. Rc1 Rc8 31. Qxf6 Be5 32. Qe6+ Kh8 33. Rd1 Bf4 34. Rd7 Qe5 35. Qf7 1-0

[Event "November 21 Late 2023"]
[Site "https://www.chess.com"]
[Date "2023.11.21"]
[Round "11"]
[White "Krysa, Leandro"]
[Black "Tactrics"]
[Result "0-1"]
[Board "14"]
[TimeControl "180+1"]
[WhiteFideId "116807"]
[WhiteElo "2495"]
[BlackElo "2899"]
[WhiteTeam "ARG"]
[WhiteClock "0:00:04"]
[BlackClock "0:00:58"]

1. e4 e6 2. d3 d5 3. Nd2 Nf6 4. Ngf3 Bc5 5. e5 Nfd7 6. d4 Be7 7. c3 b6 8. Bd3 Ba6 9. Qe2 Bxd3 10. Qxd3 Qc8 11. b4 Qa6 12. b5 Qa4 13. c4 dxc4 14. Qe4 c6 15. bxc6 Nxc6 16. O-O O-O 17. Qg4 Kh8 18. Ne4 c3 19. Nxc3 Qc4 20. Ne4 Nxd4 21. Nxd4 Qxd4 22. Rd1 Qxa1 23. Bg5 Qxe5 24. Rxd7 Rfd8 25. Rxd8+ Rxd8 26. h4 f5 27. Qh5 fxe4 0-1

[Event "November 21 Late 2023"]
[Site "https://www.chess.com"]
[Date "2023.11.21"]
[Round "11"]
[White "Sjugirov, Sanan"]
[Black "Wagner, Dennis"]
[Result "1-0"]
[Board "15"]
[TimeControl "180+1"]
[WhiteFideId "4189302"]
[BlackFideId "24650684"]
[WhiteElo "2569"]
[BlackElo "2482"]
[WhiteTeam "HUN"]
[BlackTeam "GER"]
[WhiteClock "0:00:04"]
[BlackClock "0:00:00"]

1. d4 Nf6 2. c4 e6 3. Nf3 d5 4. g3 Bb4+ 5. Bd2 Be7 6. Bg2 O-O 7. O-O Nbd7 8. Qc2 c6 9. Bf4 b6 10. Nbd2 Bb7 11. Rfd1 c5 12. dxc5 Bxc5 13. Nb3 Be7 14. cxd5 Nxd5 15. Bd2 Rc8 16. Qd3 Nc5 17. Nxc5 Bxc5 18. Ng5 g6 19. Ne4 Qe7 20. Bg5 f6 21. Bh6 Rfd8 22. Nxc5 bxc5 23. Qa3 Kf7 24. Bd2 Rd7 25. Rac1 Nb6 26. Bxb7 Rxb7 27. Ba5 Rd7 28. Rxd7 Nxd7 29. Qe3 Nb6 30. Qf3 h5 31. Bc3 Nd5 32. Bd2 Qd6 33. Rd1 Nb6 34. Qb7+ Rc7 35. Qb8 Rd7 36. Qh8 e5 37. Qh7+ Ke6 38. Qxg6 Nc4 39. Qg8+ 1-0

[Event "November 21 Late 2023"]
[Site "https://www.chess.com"]
[Date "2023.11.21"]
[Round "11"]
[White "Eljanov, Pavel"]
[Black "Korchmar, Vasiliy"]
[Result "0-1"]
[Board "16"]
[TimeControl "180+1"]
[WhiteFideId "14102951"]
[BlackFideId "24131750"]
[WhiteElo "2598"]
[BlackElo "2372"]
[WhiteTeam "UKR"]
[BlackTeam "RUS"]
[WhiteClock "0:00:14"]
[BlackClock "0:00:45"]

1. e4 c5 2. Nf3 d6 3. Bc4 e6 4. O-O Nf6 5. Re1 Be7 6. c3 O-O 7. Bb3 e5 8. d4 exd4 9. cxd4 Bg4 10. dxc5 Nc6 11. cxd6 Bxd6 12. h3 Bh5 13. Bg5 h6 14. Bxf6 Qxf6 15. g4 Bg6 16. Nc3 Rfe8 17. Nd5 Qxb2 18. Rb1 Qa3 19. Qd3 Rad8 20. Kg2 Nb4 21. Nxb4 Bxb4 22. Re3 Rxd3 0-1

[Event "November 21 Late 2023"]
[Site "https://www.chess.com"]
[Date "2023.11.21"]
[Round "11"]
[White "Annaberdiyev, Meylis"]
[Black "Yeletsky, Ivan"]
[Result "0-1"]
[Board "17"]
[TimeControl "180+1"]
[WhiteFideId "14000563"]
[BlackFideId "24180327"]
[WhiteElo "2405"]
[BlackElo "2358"]
[WhiteTeam "TKM"]
[BlackTeam "RUS"]
[WhiteClock "0:00:00"]
[BlackClock "0:00:11"]

1. e4 c5 2. Nc3 Nc6 3. Bb5 Nd4 4. Nf3 e6 5. O-O a6 6. Bd3 Nc6 7. b3 d6 8. Bb2 Be7 9. Nd5 exd5 10. Bxg7 Bf6 11. Bxh8 Bxh8 12. exd5 Nb4 13. Bxh7 Nf6 14. Re1+ Kf8 15. Ng5 Bg4 16. f3 Nfxd5 17. fxg4 Qxg5 18. c3 Nc6 19. Be4 Nf6 20. Bf3 Ne5 21. h3 d5 22. Rf1 Re8 23. Be2 Ne4 24. Rf5 Qxd2 25. Qxd2 Nxd2 26. Rd1 Ne4 27. Rxd5 Nxc3 28. Rd2 Nxe2+ 29. Rxe2 Nf3+ 30. gxf3 Rxe2 31. Rd5 Bd4+ 32. Kh1 Rxa2 33. h4 Rb2 34. h5 Rxb3 35. h6 Kg8 36. Kg2 Kh7 37. g5 Rb6 38. Rd7 Kg6 39. f4 Rb3 40. Rd6+ f6 0-1

[Event "November 21 Late 2023"]
[Site "https://www.chess.com"]
[Date "2023.11.21"]
[Round "11"]
[White "Nazari, Arad"]
[Black "Sarana, Alexey"]
[Result "0-1"]
[Board "18"]
[TimeControl "180+1"]
[WhiteFideId "12577324"]
[BlackFideId "24133795"]
[WhiteElo "2100"]
[BlackElo "2707"]
[WhiteTeam "IRI"]
[BlackTeam "SRB"]
[WhiteClock "0:00:07"]
[BlackClock "0:01:34"]

1. e4 c5 2. Nf3 d6 3. Bb5+ Nc6 4. Bxc6+ bxc6 5. O-O Nf6 6. Re1 Bg4 7. c3 e5 8. h3 Bh5 9. d4 cxd4 10. cxd4 exd4 11. e5 dxe5 12. Rxe5+ Be7 13. Bg5 O-O 14. Bxf6 Bxf3 15. Bxe7 Bxd1 16. Bxd8 Rfxd8 17. Nd2 Bc2 18. Rc5 Ba4 19. b3 Bb5 20. a4 Bd3 21. Rxc6 Re8 22. Rd6 Re2 23. Nf3 Rb2 24. Nxd4 h5 25. Re1 Rc8 26. Nc6 Kh7 27. Rxd3 Rxc6 28. Rf3 Rc7 29. Re5 g6 30. Ra5 Kg7 31. g3 Rd2 32. Rb5 Kh6 33. h4 f5 34. Kg2 Rc6 35. Rf4 a6 36. Rb8 Kg7 37. b4 Rd1 38. Rb7+ Kf6 39. Rd4 Rxd4 0-1

[Event "November 21 Late 2023"]
[Site "https://www.chess.com"]
[Date "2023.11.21"]
[Round "11"]
[White "Schnaider, Ilan"]
[Black "mind1mover"]
[Result "1-0"]
[Board "19"]
[TimeControl "180+1"]
[WhiteFideId "169013"]
[WhiteElo "2373"]
[BlackElo "2865"]
[WhiteTeam "ARG"]
[WhiteClock "0:00:50"]
[BlackClock "0:00:00"]

1. e4 Nc6 2. Nf3 d6 3. d4 Nf6 4. Nc3 g6 5. Bc4 Bg7 6. O-O O-O 7. Bb3 Bg4 8. Be3 Nd7 9. h3 Bxf3 10. gxf3 e5 11. Ne2 Qh4 12. Kg2 Nxd4 13. Nxd4 exd4 14. Bxd4 Bxd4 15. Qxd4 Ne5 16. Qe3 g5 17. Rg1 Ng6 18. Kh2 h6 19. Rg4 Qh5 20. Rag1 Kh8 21. Qc3+ f6 22. Qxc7 Ne5 23. R1g3 Qg6 24. Qxd6 Rfd8 25. Qe7 Rd2 26. Kg2 Rad8 27. Bd5 Rc8 28. c3 Rxb2 29. Rf4 Rxf2+ 30. Kg1 Qg7 31. Qe6 Rxc3 32. Rxf6 Rcxf3 33. Rxh6+ 1-0

[Event "November 21 Late 2023"]
[Site "https://www.chess.com"]
[Date "2023.11.21"]
[Round "11"]
[White "Djokic, Mihailo"]
[Black "Pakleza, Zbigniew"]
[Result "1-0"]
[Board "20"]
[TimeControl "180+1"]
[WhiteFideId "976440"]
[BlackFideId "1119290"]
[WhiteElo "2265"]
[BlackElo "2410"]
[WhiteTeam "SRB"]
[BlackTeam "POL"]
[WhiteClock "0:00:16"]
[BlackClock "0:00:00"]

1. e4 d6 2. d4 Nf6 3. Nc3 c6 4. f4 Qb6 5. e5 Nd5 6. Nxd5 cxd5 7. Nf3 Bg4 8. Be2 Nc6 9. c3 e6 10. Qd2 Be7 11. Qe3 O-O-O 12. O-O Kb8 13. b4 Rc8 14. Bd2 g6 15. a4 Bf5 16. a5 Qc7 17. Kh1 Be4 18. Ra2 Bf8 19. Rfa1 Ne7 20. Ng5 Nf5 21. Qf2 h6 22. Nxe4 dxe4 23. Ra3 h5 24. Rb3 d5 25. b5 Qd7 26. Rab1 h4 27. Kg1 Be7 28. Qf1 b6 29. axb6 axb6 30. Ra1 Kc7 31. Ra7+ Kd8 32. Rxd7+ Kxd7 33. Bg4 Rc4 34. Qa1 Bd8 35. Rb4 Rc8 36. Qa7+ Bc7 37. c4 dxc4 38. Rxc4 Ne7 39. Qb7 Nd5 40. Qxd5+ 1-0

[Event "November 21 Late 2023"]
[Site "https://www.chess.com"]
[Date "2023.11.21"]
[Round "11"]
[White "Bazeev, German"]
[Black "Arabidze, Meri"]
[Result "0-1"]
[Board "21"]
[TimeControl "180+1"]
[WhiteFideId "24119350"]
[BlackFideId "13604040"]
[WhiteElo "2418"]
[BlackElo "2416"]
[WhiteTeam "RUS"]
[BlackTeam "GEO"]
[WhiteClock "0:00:50"]
[BlackClock "0:01:13"]

1. d4 d5 2. Nf3 Nf6 3. c4 e6 4. Nc3 Nbd7 5. cxd5 exd5 6. Bg5 c6 7. e3 Be7 8. Qc2 O-O 9. Bd3 Re8 10. h3 h6 11. Bf4 Nf8 12. g4 Ne6 13. O-O-O c5 14. dxc5 Nxc5 15. Nd4 Bd7 16. Rhg1 Rc8 17. g5 hxg5 18. Rxg5 Nxd3+ 19. Qxd3 Ne4 20. Rxg7+ Kxg7 21. Rg1+ Kh8 22. Be5+ Bf6 23. Qd1 Rxe5 24. f4 0-1

[Event "November 21 Late 2023"]
[Site "https://www.chess.com"]
[Date "2023.11.21"]
[Round "11"]
[White "Maksimovic, Bojan"]
[Black "Jakubowski, Krzysztof"]
[Result "0-1"]
[Board "22"]
[TimeControl "180+1"]
[WhiteFideId "14408120"]
[BlackFideId "1112848"]
[WhiteElo "2546"]
[BlackElo "2369"]
[WhiteTeam "BIH"]
[BlackTeam "POL"]
[WhiteClock "0:00:26"]
[BlackClock "0:00:25"]

1. a3 e5 2. e3 d6 3. d4 Nd7 4. Nf3 Ngf6 5. c4 g6 6. Nc3 Bg7 7. Be2 O-O 8. Qc2 Re8 9. O-O e4 10. Nd2 Qe7 11. b4 h5 12. Bb2 h4 13. h3 Nf8 14. Nd5 Nxd5 15. cxd5 Bf5 16. Rfc1 Rac8 17. Qa4 a6 18. b5 axb5 19. Qxb5 b6 20. Rc2 Nh7 21. Rac1 Ng5 22. Bf1 Bf6 23. Rxc7 Rxc7 24. Rxc7 Qxc7 25. Qxe8+ Kg7 26. Qc6 Qa7 27. Nc4 Be7 28. Qxb6 Qa4 29. Qb4 Qd1 30. Qd2 Qb1 31. Qc1 Qa2 32. Qa1 Qb3 33. a4 Bxh3 34. gxh3 Bd8 35. a5 Nf3+ 36. Kg2 Qb4 37. a6 Ne1+ 38. Qxe1 Qxe1 39. a7 g5 40. a8=Q g4 41. Qxd8 gxh3+ 42. Kg1 h2+ 43. Kxh2 Qxf2+ 44. Bg2 Qg3+ 45. Kg1 h3 0-1